 Dungeon Crawl Stone Soup version 0.20.0-8-g6b59dc7 (webtiles) character file.

102 MTVSty1e the Ruffian (level 4, -4/37 HPs)
             Began as a Draconian Transmuter on June 1, 2017.
             Blown up by Ijyb (6 damage)
             ... with a wand of disintegration (?/24)
             ... on level 2 of the Dungeon.
             The game lasted 00:04:12 (1653 turns).

MTVSty1e the Ruffian (Draconian Transmuter)         Turns: 1653, Time: 00:04:12

Health: -4/37      AC:  5    Str: 13    XL:     4   Next: 49%
Magic:  7/7        EV: 11    Int: 14    God:
Gold:   144        SH:  4    Dex: 11    Spells: 4/7 levels left

rFire    . . .     SeeInvis .     - Unarmed
rCold    . . .     Gourm    .   o - +1 buckler (curse)
rNeg     . . .     Faith    .   (armour unavailable)
rPois    .         Spirit   .   (helmet restricted)
rElec    .         Reflect  .   (no cloak)
rCorr    .         Harm     .   (no gloves)
MR       .....                  (boots currently unavailable)
Stlth    +.........             e - amulet of regeneration
Regen    0.6/turn               (no ring)
MPRegen  0.1/turn               (no ring)

@: appendage (expiring), flying
A: unfitting armour, talons 3, cold-blooded, AC +5
a: End Transformation


You were on level 2 of the Dungeon.
You were not hungry.
You had grown temporary talons.
You visited 1 branch of the dungeon, and saw 3 of its levels.

You collected 144 gold pieces.

Inventory:

Missiles
 a - 26 arrows
Armour
 o - a cursed +1 buckler (worn)
Jewellery
 e - an amulet of regeneration (around neck)
Scrolls
 d - a scroll of noise {unknown}
 j - 2 scrolls of enchant weapon
Potions
 g - a potion of brilliance {unknown}
 h - 2 potions of curing
 k - a potion of degeneration {unknown}
 n - a potion of heal wounds {unknown}
Books
 b - a book of Changes

   Spells                             Type                      Level
   a - Beastly Appendage              Transmutation                1
   b - Sticks to Snakes               Transmutation                2
   c - Spider Form                    Transmutation/Poison         3
   d - Ice Form                       Ice/Transmutation            4
   e - Blade Hands                    Transmutation                5
Comestibles
 c - 2 bread rations
 i - 2 royal jellies


   Skills:
 + Level 2.5 Fighting
 - Level 1.7 Dodging
 * Level 1.4 Shields
 * Level 4.4 Unarmed Combat
 - Level 2.0 Spellcasting
 - Level 2.0 Transmutations


You had 4 spell levels left.
You knew the following spells:

 Your Spells              Type           Power        Failure   Level  Hunger
a - Beastly Appendage     Tmut           #.....       14%         1    ##.....
b - Sticks to Snakes      Tmut           #.......     22%         2    ###....


Dungeon Overview and Level Annotations

Branches:
Dungeon (3/15)

Altars:
Ashenzari

Annotations:
D:2 Ijyb


Innate Abilities, Weirdness & Mutations

Your plain brown scales are hard. (AC +5)
You cannot fit into any form of body armour.
You are cold-blooded and may be slowed by cold attacks.
You have claws for feet.


Message History

You hit Ijyb but do no damage.
Ijyb is lightly wounded.
Your transformation is almost over.
Ijyb zaps a wand.
You barely resist. You barely miss Ijyb. You claw Ijyb, but do no damage.
Ijyb is lightly wounded.
Ijyb hits you with a club.
You hit Ijyb. You claw Ijyb, but do no damage.
Ijyb is moderately wounded.
Ijyb screams, "You nasty!
Big nasty!"
Ijyb zaps a wand.
You are blasted!
Ouch! That really hurt!
* * * LOW HITPOINT WARNING * * *
You hit Ijyb.
Ijyb is moderately wounded.
Ijyb zaps a wand.
You barely resist.
It was a potion of flight.
You feel very buoyant.
You fly up into the air.
Ijyb zaps a wand.
You are blasted!
You die...

####............<#####.####
#.....)....[.........>.# #
#.##.#####.####.#.#########
#.##.## #.....###........#
#.#...# ######.#.#######.#
# #.#.#.# ##.## #.# ##
#.#...# #.# #.#
.######.##.###########.#
#.#
........##...gog@......#
#.#
.#########.#############
#.# ##....(..#.# #.#
##8....(8#.# #..
#.......#.# ###
##8.....8#.# #
.#.......#.###############
##8.....8#...............#
##
##.......#.......#######.#
#.


You could see Ijyb, an orc and a hobgoblin.

Vanquished Creatures
  3 adders (D:2)
  A worm (D:2)
  3 dart slugs
  A leopard gecko (D:1)
  5 bats
  A giant cockroach (D:1)
  8 goblins (D:2)
  10 hobgoblins
  A jackal (D:2)
  A frilled lizard (D:2)
  6 kobolds
  7 rats
47 creatures vanquished.

Vanquished Creatures (collateral kills)
  Terence (D:2)
1 creature vanquished.

Grand Total: 48 creatures vanquished

Notes
Turn   | Place    | Note
-------+----------+-------------------------------------------
     0 | D:1      | MTVSty1e the Draconian Transmuter began the quest for the Orb.
     0 | D:1      | Reached XP level 1. HP: 16/16 MP: 3/3
   252 | D:1      | Reached XP level 2. HP: 23/23 MP: 5/5
   581 | D:1      | Learned a level 2 spell: Sticks to Snakes
   758 | D:2      | Reached XP level 3. HP: 23/29 MP: 4/6
   921 | D:2      | Reached skill level 4 in Unarmed Combat
  1252 | D:2      | Found a shattered altar of Ashenzari.
  1321 | D:2      | Noticed Terence
  1347 | D:2      | Killed Terence
  1347 | D:2      | Reached skill level 1 in Shields
  1347 | D:2      | Reached XP level 4. HP: 22/37 MP: 1/7
  1611 | D:3      | Noticed Ijyb
  1651 | D:2      | HP: 1/37 [disintegration (19)]
  1653 | D:2      | Blown up by Ijyb

Skill      XL: |  1  2  3 |
---------------+----------+-----
Fighting       | 2 |  2.5
Unarmed Combat | 4 |  4.4
Shields        | 1 |  1.4
Dodging        | |  1.7
Spellcasting   | |  2.0
Transmutations | |  2.0

Action                   |  1- 3 |  4- 6 || total
-------------------------+-------+-------++-------
Melee: Unarmed           |   128 |    36 ||   164
       Tailslap          |    10 |     5 ||    15
       Kick              |     2 |     2 ||     4
       Headbutt          |     2 |     2 ||     4
       Punch             |     1 |       ||     1
 Cast: Beastly Appendage |    13 |     3 ||    16
       Sticks to Snakes  |     2 |       ||     2
  Use: Scroll            |     4 |       ||     4
       Potion            |       |     1 ||     1
 Stab: Distracted        |     2 |       ||     2
  Eat: Royal jelly       |     1 |       ||     1
       Chunk             |     1 |       ||     1
Armor: Skin              |    30 |    12 ||    42
Dodge: Dodged            |    71 |    13 ||    84
Block: Buckler           |     7 |     9 ||    16
